 Dungeon Crawl Stone Soup version 0.23.2-30-g0e89c35649 (webtiles) character file.

Game seed: 8679330068767958510

2155 teukkam the Covered (level 9, -12/120 HPs)
             Began as a Minotaur Fighter on June 13, 2019.
             Was an Initiate of Gozag.
             Mangled by Snorg (16 damage)
             ... on level 10 of the Dungeon.
             The game lasted 00:18:34 (6623 turns).

teukkam the Covered (Minotaur Fighter)              Turns: 6623, Time: 00:18:35

Health: -12/120    AC: 24    Str: 25    XL:     9   Next: 10%
Magic:  8/8        EV:  2    Int: 10    God:    Gozag
Gold:   509        SH: 12    Dex: 17    Spells: 8/8 levels left

rFire    + + .     SeeInvis .   a - +0 short sword of Taejoes {holy, +Fly rN+ MR+ Dex-2}
rCold    + . .     Gourm    .   c - +0 shield
rNeg     + + +     Faith    .   (armour currently unavailable)
rPois    +         Spirit   .   (helmet currently unavailable)
rElec    +         Reflect  .   (cloak currently unavailable)
rCorr    +         Harm     +   (gloves currently unavailable)
MR       .....     NoTele   +   (boots currently unavailable)
Stlth    +++.......             w - amulet of harm
HPRegen  0.30/turn              v - ring of protection from fire
MPRegen  0.11/turn              y - +5 ring of dexterity

@: brilliant, agile, tree-form, resistant, vulnerable
A: (retaliatory headbutt), evolution 1
a: Potion Petition, Call Merchant, Bribe Branch, Renounce Religion


You were on level 10 of the Dungeon.
You worshipped Gozag.
Gozag was pleased with you.
You were not hungry.
You were a tree.
You visited 2 branches of the dungeon, and saw 12 of its levels.

You collected 904 gold pieces.
You spent 350 gold pieces at shops.
You paid 45 gold pieces to Gozag.

Inventory:

Hand Weapons
 a - the +0 short sword of Taejoes (weapon) {holy, +Fly rN+ MR+ Dex-2}
   (You found it on level 4 of the Dungeon)

   It has been blessed by the Shining One to cause great damage to the undead
   and demons.
   It affects your dexterity (-2).
   It protects you from negative energy.
   It affects your resistance to hostile enchantments.
   It lets you fly.
 b - a +0 hunting sling
 e - a +3 whip of flaming
 r - a +0 war axe
 J - a +0 great mace of crushing
Missiles
 s - 88 bolts
 t - 71 sling bullets
 B - 6 curare-tipped needles
Armour
 c - a +0 shield (worn)
 k - the -2 cloak of Gozag's Reproof (melded) {MR+ Str+3}
   (You found it on level 4 of the Dungeon)

   It affects your strength (+3).
   It affects your resistance to hostile enchantments.
 l - a +2 pair of gloves (melded)
 x - a +0 chain mail
 D - a +1 chain mail of poison resistance (melded)
 E - a +2 pair of boots of flying (melded)
Jewellery
 v - a ring of protection from fire (left branch)
 w - an amulet of harm (around neck)
 y - a +5 ring of dexterity (right branch)
Wands
 d - a wand of disintegration (27)
 G - a wand of polymorph (11)
Scrolls
 g - 3 scrolls of amnesia
 h - 4 scrolls of identify
 i - 4 scrolls of teleportation
 q - a scroll of fog
 z - 3 scrolls of remove curse
 F - a scroll of enchant weapon
 I - a scroll of fear {unknown}
 K - 3 scrolls of enchant armour {unknown}
Potions
 n - 4 potions of curing
Comestibles
 f - 9 rations


   Skills:
 + Level 7.7 Fighting
 + Level 4.9 Short Blades
 - Level 3.8(4.1) Axes
 - Level 2.2(3.3) Maces & Flails
 + Level 3.4 Slings
 + Level 7.8 Armour
 + Level 7.8 Shields


You had 8 spell levels left.
You didn't know any spells.
Your spell library was empty.

Dungeon Overview and Level Annotations

Branches:
Dungeon (11/15)            Temple (1/1) D:4
   Lair: D:8-11         Orc: D:9-12

Altars:
Ashenzari
Cheibriados
Dithmenos
Elyvilon
Fedhas
Gozag
Hepliaklqana
Kikubaaqudgha
Makhleb
Qazlal
Sif Muna
Trog
Uskayaw
Vehumet
Wu Jian
Xom
Yredelemnul
Zin
The Shining One

Shops:
D:4 [

Annotations:
D:8 Harold
D:10 Snorg


Innate Abilities, Weirdness & Mutations

((You reflexively headbutt those who attack you in melee.))
((You have a pair of horns on your head.))
((You are partially covered in slimy green scales. (AC +2)))
((Your flesh is cold resistant. (rC+)))
You evolve.


Message History

Evoke which item? (* to show all) (? for menu, Esc to quit)
Aiming: Disintegrate
Press: ? - help, Shift-Dir - straight line, f - Snorg
Aim: Snorg (black smoke, severely wounded, berserk, fast, unusually strong, susceptible to hostile enchantments, chance to defeat MR: 56%) Snorg is blasted!
You block Snorg's attack. Snorg claws you! Snorg claws you but does no damage.
Evoke which item? (* to show all) (? for menu, Esc to quit)
Aiming: Disintegrate
Press: ? - help, Shift-Dir - straight line, f/p - Snorg
Aim: Snorg (black smoke, severely wounded, berserk, fast, unusually strong, susceptible to hostile enchantments, chance to defeat MR: 56%) Snorg resists with significant effort.
Snorg bites you but does no damage. Snorg claws you but does no damage.
You block Snorg's attack. Snorg bites you!!
* * * LOW HITPOINT WARNING * * *
Snorg barely misses you. Snorg claws you!
* * * LOW HITPOINT WARNING * * *
You feel better. Snorg bites you but does no damage. Snorg claws you!
* * * LOW HITPOINT WARNING * * *
Snorg claws you!
You die...
Your body crumbles into a pile of gold.

+########
.....§§§#
.....§T♣#
.....§§§#
.....§§§#
.......?#
..##....#
. .....#
#.....#
#.....#


You could see Snorg (berserk).

Vanquished Creatures
  Sigmund (D:4)
  Menkaure (D:4)
  2 sky beasts (D:5)
  An orc warrior (D:7)
  A phantom (D:6)
  A slave (D:4)
  3 ogres
  A centaur (D:9)
  A big kobold (D:9)
  A bullfrog (D:7)
  A wyvern skeleton (D:7)
  2 scorpions
  4 wights (D:8)
  A howler monkey (D:9)
  2 crimson imps (D:5)
  A bullfrog zombie (D:5)
  3 hounds
  A bullfrog skeleton (D:5)
  An orc priest (D:5)
  3 orc wizards
  Ijyb (D:5)
  2 worker ants
  A hound zombie (D:5)
  Robin (Temple)
  7 gnolls
  9 adders
  2 oozes
  An adder skeleton (D:6)
  4 worms
  A dart slug (D:2)
  12 orcs
  5 giant cockroaches
  13 goblins
  6 hobgoblins
  2 jackals (D:4)
  3 quokkas
  A ball python (D:4)
  7 bats
  4 frilled lizards
  A jackal skeleton (D:4)
  10 kobolds
  A quokka skeleton (D:4)
  5 rats
131 creatures vanquished.

Notes
Turn   | Place    | Note
-------+----------+-------------------------------------------
     0 | D:1      | teukkam the Minotaur Fighter began the quest for the Orb.
     0 | D:1      | Reached XP level 1. HP: 19/19 MP: 0/0
   213 | D:2      | Reached XP level 2. HP: 27/27 MP: 1/1
   224 | D:2      | Found a shattered altar of Ashenzari.
   421 | D:2      | Reached XP level 3. HP: 24/33 MP: 2/2
   684 | D:2      | Found a basalt altar of Yredelemnul.
   926 | D:3      | Reached XP level 4. HP: 21/41 MP: 3/3
  1325 | D:3      | Reached XP level 5. HP: 44/47 MP: 4/4
  1347 | D:4      | Noticed Robin
  1381 | D:4      | Noticed Menkaure
  1391 | D:4      | Killed Menkaure
  1391 | D:4      | Reached skill level 5 in Fighting
  1391 | D:4      | Reached skill level 1 in Maces & Flails
  1391 | D:4      | Reached skill level 5 in Armour
  1391 | D:4      | Reached skill level 5 in Shields
  1391 | D:4      | Reached XP level 6. HP: 16/56 MP: 5/5
  1393 | D:4      | Found a staircase to the Ecumenical Temple.
  1400 | Temple   | Entered the Ecumenical Temple
  1641 | Temple   | Became a worshipper of Gozag Ym Sagoz the Greedy
  1832 | Temple   | Killed Robin
  2073 | D:4      | Got a spiked cloak
  2079 | D:4      | Identified the cursed -2 cloak of Gozag's Reproof {MR+
                  | Str+3} (You found it on level 4 of the Dungeon)
  3064 | D:4      | Got a sapphire short sword
  3065 | D:4      | Identified the +0 short sword of Taejoes {holy, +Fly rN+
                  | MR+ Dex-2} (You found it on level 4 of the Dungeon)
  3128 | D:4      | Noticed Sigmund
  3134 | D:4      | Killed Sigmund
  3134 | D:4      | Reached skill level 1 in Short Blades
  3134 | D:4      | Reached XP level 7. HP: 60/62 MP: 6/6
  3390 | D:5      | Entered Level 5 of the Dungeon
  3390 | D:5      | Noticed Ijyb
  3394 | D:5      | Killed Ijyb
  3528 | D:5      | Found a burning altar of Makhleb.
  3817 | D:5      | Found a hide-covered altar of Uskayaw.
  3901 | D:5      | Found a radiant altar of Vehumet.
  4418 | D:4      | Found Vyogon's Armour Boutique.
  4423 | D:4      | Bought a +1 chain mail of poison resistance for 135 gold
                  | pieces
  4423 | D:4      | Bought a +2 pair of boots of flying for 215 gold pieces
  4464 | D:4      | Reached XP level 8. HP: 52/71 MP: 7/7
  4929 | D:4      | Reached skill level 1 in Slings
  6268 | D:8      | Found a shadowy altar of Dithmenos.
  6366 | D:8      | Noticed Harold
  6391 | D:9      | Reached XP level 9. HP: 76/80 MP: 8/8
  6421 | D:10     | Entered Level 10 of the Dungeon
  6610 | D:10     | Noticed Snorg
  6613 | D:10     | Gained mutation: Your flesh is cold resistant. (rC+)
                  | [potion of mutation]
  6613 | D:10     | Gained mutation: You are partially covered in slimy green
                  | scales. (AC +2) [potion of mutation]
  6613 | D:10     | Gained mutation: You evolve. [potion of mutation]
  6622 | D:10     | HP: 5/120 [Snorg (10)]
  6623 | D:10     | Mangled by Snorg

Skill      XL: |  1  2  3  4  5  6  7  8 |
---------------+-------------------------+-----
Armour         | 4 5 6 7 |  7.8
Fighting       | 4 5 6 7 |  7.7
Shields        | 4 5 6 7 |  7.8
Axes           | 3 |  3.8
Maces & Flails | 1 2 |  2.2
Short Blades   | 1 3 4 |  4.9
Slings         | 3 |  3.4

Action                   |  1- 3 |  4- 6 |  7- 9 || total
-------------------------+-------+-------+-------++-------
Melee: War axe           |    86 |    24 |       ||   110
       Headbutt          |    11 |    23 |    50 ||    84
       Whip              |       |    54 |       ||    54
       Short sword       |       |     2 |   216 ||   218
 Fire: Hunting sling     |       |       |    15 ||    15
Evoke: Wand              |       |       |     4 ||     4
  Use: Scroll            |       |     5 |     4 ||     9
       Potion            |       |     1 |     7 ||     8
  Eat: Chunk             |       |     2 |     2 ||     4
       Ration            |       |     2 |     3 ||     5
Armor: Scale mail        |    47 |    41 |    12 ||   100
       Chain mail        |       |       |    74 ||    74
       Skin              |       |       |    19 ||    19
Dodge: Dodged            |    24 |    31 |    45 ||   100
Block: Shield            |    44 |    53 |   110 ||   207
